Map: Acid Plant LE

Players

BIRIBA

  • Race: Zerg Zerg
  • League: Gold
  • Spawn Location: 5:00

QRDEGRABARZ - Winner!

  • Race: Terran Terran
  • League: Diamond
  • Spawn Location: 11:00

VOD

Have the link to the VOD?

Description

Time

  • Played on: Sept. 26, 2018, 4:22 p.m.
  • Length: 15:30
Show
View Real Time Build Order
Export as new Build Order

BIRIBA Zerg 

Build Orders: Pool First 

Get SALT Encoding   

  12  0:01  Drone  
  13  0:08  Drone  
  14  0:17  Overlord  
  14  0:37  Spawning Pool, Drone  
  14  0:42  Drone  
  15  0:45  Drone  
  16  0:52  Extractor, Drone  
  16  1:00  Drone  
  17  1:11  Drone  
  18  1:22  Drone  
  18  1:24  Queen  
  21  1:41  Drone  
  21  1:43  Hatchery  
  21  1:49  Overlord  
  21  1:56  Metabolic Boost  
  21  2:00  Zergling x2  
  22  2:21  Baneling Nest  
  22  2:30  Zergling x2  
  22  2:31  Zergling x4  
  22  2:36  Zergling x6  
  27  2:50  Zergling x2  
  28  2:55  Queen  
  28  2:57  Overlord  
  28  2:58  Zergling x2  
  31  3:09  Zergling x2  
  31  3:10  Zergling x6  
  35  3:19  Zergling x2  
  36  3:23  Baneling x4  
  36  3:24  Baneling x2  
  36  3:30  Zergling x4  
  38  3:37  Overlord  
  38  3:39  Zergling x2  
  22  4:34  Drone x11  
  33  4:46  Spore Crawler  
  33  4:51  Zergling x6  
  35  5:07  Overlord x2  
  35  5:12  Hatchery  
  34  5:23  Zergling x12  
  40  5:36  Lair  
  40  5:37  Roach Warren  
  39  5:55  Extractor  
  39  5:56  Drone x3  
  41  6:21  Roach  
  41  6:22  Roach x8  
  41  6:24  Overlord x2  
  59  6:30  Queen  
  61  6:44  Roach x4  
  69  6:54  Drone x4  
  69  6:55  Drone  
  74  7:01  Glial Reconstitution  
  74  7:06  Burrow  
  74  7:14  Spore Crawler  
  73  7:37  Roach  
  73  7:38  Roach x3  
  73  7:40  Overlord x2  
  80  7:48  Evolution Chamber  
  79  7:52  Overlord x2  
  79  8:06  Ravager x3  
  79  8:07  Ravager  
  83  8:16  Extractor  
  79  8:44  Hydralisk Den  
  78  8:53  Extractor  
  78  8:54  Drone x6  
  78  8:55  Drone x3  
  86  9:03  Zerg Missile Weapons Level 1  
  86  9:17  Drone x3  
  86  9:18  Drone x6  
  95  9:38  Muscular Augments  
  69  10:32  Zergling x2  
  69  10:33  Zergling x48  
  77  10:57  Zerg Ground Armor Level 1  
  77  10:59  Hydralisk  
  77  11:00  Hydralisk x4  
  82  11:17  Hydralisk Den  
  81  11:43  Hatchery  
  80  11:52  Zergling x26, Hatchery  
  75  12:32  Drone x3  
  78  12:38  Spire  
  77  13:22  Queen  
  77  13:23  Queen  
  77  13:24  Drone x3  
  77  13:26  Drone x3  
  87  13:28  Queen  
  89  13:48  Drone x2  
  91  13:59  Mutalisk  
  91  14:00  Mutalisk x3  
  98  14:20  Zergling x4  
  98  14:21  Zergling x24  
  98  14:24  Overlord x2  
  32  15:11  Zergling x2  
  32  15:12  Zergling x30  
Show
View Real Time Build Order
Export as new Build Order

QRDEGRABARZ Terran - Winner!

Build Orders:  

Get SALT Encoding   

  12  0:05  SCV  
  13  0:17  SCV  
  14  0:28  Supply Depot  
  14  0:29  SCV  
  16  0:50  Barracks, SCV  
  16  0:59  Refinery  
  16  1:02  SCV  
  17  1:14  SCV  
  17  1:18  Refinery  
  18  1:26  SCV  
  18  1:30  Supply Depot  
  19  1:38  SCV  
  20  1:50  SCV  
  21  2:02  Barracks Reactor, SCV  
  21  2:03  Barracks  
  21  2:07  Factory  
  22  2:14  SCV  
  23  2:26  SCV  
  24  2:32  Supply Depot  
  24  2:38  SCV  
  24  2:39  Marine  
  24  2:40  Marine  
  27  2:51  Starport  
  27  2:53  Barracks Tech Lab  
  27  2:56  Factory Tech Lab  
  27  3:01  Engineering Bay  
  27  3:05  Marine  
  28  3:06  Marine  
  29  3:17  Siege Tank  
  32  3:21  Combat Shields  
  32  3:32  Orbital Command  
  32  3:36  Starport Reactor  
  32  4:03  Command Center  
  32  4:11  Cyclone  
  33  4:35  Supply Depot  
  33  4:40  Supply Depot, Barracks Reactor  
  33  5:01  Marine  
  34  5:08  Medivac x2  
  38  5:19  Marine x3  
  41  5:36  Marine  
  41  5:37  Marine x2  
  44  5:54  Marine x2  
  44  5:55  Marine  
  47  6:01  Planetary Fortress  
  47  6:09  Widow Mine  
  49  6:12  Marine x3  
  49  6:13  Terran Infantry Weapons Level 1  
  52  6:30  Widow Mine  
  54  6:35  Refinery  
  54  6:37  Refinery  
  54  6:38  Supply Depot  
  54  6:40  Supply Depot  
  54  7:00  Marine x3, SCV x2  
  59  7:03  Supply Depot  
  59  7:05  Medivac x2  
  63  7:12  SCV x2  
  65  7:17  Marine x3  
  65  7:18  Widow Mine  
  70  7:25  SCV  
  71  7:31  Supply Depot  
  71  7:35  Marine x2  
  71  7:36  SCV  
  74  7:37  SCV  
  75  7:48  SCV  
  76  7:55  Supply Depot  
  76  8:00  SCV  
  76  8:01  SCV  
  76  8:05  Marine  
  78  8:06  Marine x2  
  78  8:07  Terran Infantry Armor Level 1  
  78  8:10  Widow Mine  
  78  8:12  SCV  
  84  8:13  SCV  
  85  8:23  Marine  
  85  8:24  Marine x2, SCV  
  85  8:25  SCV  
  88  8:36  SCV  
  88  8:37  SCV  
  88  8:48  SCV  
  88  8:49  Marine x3, SCV  
  88  8:52  Stimpack  
  93  9:06  Marine, Supply Depot  
  93  9:08  Supply Depot  
  94  9:12  Supply Depot  
  94  9:22  Bunker  
  94  9:27  Marine x3  
  94  9:28  Medivac, Widow Mine  
  94  9:30  Medivac  
  103  9:45  Marine x3  
  106  9:58  Medivac  
  86  11:10  Marine x3  
  88  11:13  Cyclone  
  88  11:16  Supply Depot  
  88  11:18  Supply Depot x2  
  91  11:19  Supply Depot  
  91  11:20  Supply Depot  
  91  11:27  Marine  
  91  11:28  Marine x2  
  91  11:30  Armory  
  91  11:32  Armory  
  94  11:45  Cyclone, Marine  
  94  11:46  Marine x2  
  100  11:49  Command Center  
  99  12:03  Marine  
  99  12:04  Marine x2  
  95  12:17  Cyclone  
  95  12:21  Marine  
  99  12:39  Marine  
  99  12:40  Marine x2  
  102  12:47  Medivac x2  
  102  12:49  Cyclone  
  109  12:53  Supply Depot  
  109  12:54  Terran Vehicle And Ship Armor Level 1  
  109  12:55  Terran Vehicle Weapons Level 1, Supply Depot  
  109  12:56  Terran Infantry Weapons Level 2  
  109  12:57  Marine, Supply Depot  
  109  12:58  Marine x2  
  110  12:59  Supply Depot  
  110  13:02  Orbital Command  
  112  13:15  Marine  
  112  13:16  Marine x2, Medivac  
  112  13:17  Medivac  
  119  13:20  Refinery  
  119  13:21  Cyclone  
  119  13:25  Refinery  
  122  13:33  Marine  
  122  13:34  Marine x2  
  125  13:36  SCV  
  125  13:37  SCV x2  
  128  13:46  Medivac  
  128  13:47  Medivac  
  133  13:48  SCV  
  133  13:49  SCV x2  
  133  13:51  Marine  
  133  13:53  Cyclone  
  139  14:00  SCV  
  139  14:01  Marine x2, SCV  
  143  14:09  Marine  
  144  14:13  Barracks  
  144  14:16  Medivac, Barracks  
  146  14:18  Marine  
  146  14:19  Marine  
  146  14:20  Barracks  
  148  14:25  Cyclone  
Tags
 
Matchup
TvZ
Opening
Pool First
Spawn Locations
Cross Positions
Add a new tag
Caveats
  • Supply blocks, unpowered buildings, or Contaminate may cause inaccurate times.
  • Supply counts are checked every 10 seconds.